 Dungeon Crawl Stone Soup version 0.18.1-48-g4cf74bf (webtiles) character file.

127 tyranidshit the Skirmisher (level 4, -6/40 HPs)
             Began as a Demonspawn Abyssal Knight on Sept 10, 2016.
             Was a Believer of Lugonu.
             Mangled by attackplan's ghost (10 damage)
             ... on level 3 of the Dungeon.
             The game lasted 00:06:12 (1448 turns).

tyranidshit the Skirmisher (DsAK)                   Turns: 1448, Time: 00:06:14

Health: -6/40      AC:  8    Str: 18    XL:     4   Next: 85%
Magic:  0/5        EV:  9    Int: 13    God:    Lugonu [**....]
Gold:   84         SH:  3    Dex: 13    Spells: 0 memorised, 3 levels left

rFire  . . .     SeeInvis .     h - +1 broad axe
rCold  . . .     Gourm    .     s - +1 scale mail
rNeg   . . .     Faith    .     k - +0 buckler
rPois  .         Spirit   +     (no helmet)
rElec  .         Dismiss  .     (no cloak)
rCorr  .         Reflect  .     (no gloves)
SustAt .         Harm     .     (no boots)
MR     .....                    m - amulet of regeneration
Stlth  ..........               (no ring)
                                (no ring)

@: mighty, not resistant to hostile enchantments, extremely unstealthy
A: claws 1, rugged brown scales 1, magic shield
a: Depart the Abyss, Bend Space, Renounce Religion


You were on level 3 of the Dungeon.
You worshipped Lugonu.
Lugonu was pleased with you.
You were not hungry.

You visited 1 branch of the dungeon, and saw 3 of its levels.
You visited the Abyss 1 time.

You collected 84 gold pieces.

Inventory:

Hand Weapons
 a - a +1 hand axe
 h - a +1 broad axe (weapon)
Armour
 k - a +0 buckler (worn)
 s - a +1 scale mail (worn)
Rods
 q - a +1 rod of clouds (13/13)
   (You found it on level 2 of the Dungeon)
Jewellery
 g - the ring "Cusiyleh" {SustAt rN+ MP+9 Str-5 Int+6}
   (You found it on level 2 of the Abyss)

   [ring of sustain attributes]

   It sustains your strength, intelligence and dexterity.
   It affects your strength (-5).
   It affects your intelligence (+6).
   It protects you from negative energy.
   It affects your magic capacity (+9).
 m - an amulet of regeneration (around neck)
Wands
 p - a wand of digging (19/24)
 r - a wand of iceblast (8/15)
Scrolls
 b - a scroll of remove curse
 f - a scroll of noise
 j - a scroll of recharging
Potions
 e - a potion of brilliance
Comestibles
 c - a bread ration
 i - 2 meat rations
 l - a slice of pizza


   Skills:
 + Level 5.6 Fighting
 - Level 1.7 Axes
 - Level 1.7 Armour
 - Level 0.8 Dodging
 - Level 2.4 Invocations


You had 3 spell levels left.
You didn't know any spells.

Dungeon Overview and Level Annotations

Branches:
Dungeon (3/15)

Altars:

Annotations:
D:3 Natasha; attackplan's ghost, amateur HOFi


Innate Abilities, Weirdness & Mutations

You have sharp fingernails.
You are partially covered in rugged brown scales (AC +1, +3% HP).
When hurt, damage is shared between your health and your magic reserves.


Message History

Attackplan's ghost hits you!
* * * LOW HITPOINT WARNING * * *
Attackplan's ghost hits you!
* * * LOW HITPOINT WARNING * * *
Natasha, Servant of Life and Death comes into view.
Natasha hisses angrily.
Natasha mumbles some strange words.
You feel disoriented.
Natasha stares at you and mumbles some strange words.
The magic dart hits you!
* * * LOW HITPOINT WARNING * * *
Read which item? (? for menu, Esc to quit)
Okay, then.
Drink which item? (? for menu, Esc to quit)
You feel very mighty all of a sudden.
Natasha stares at you and mumbles some strange words.
The magic dart hits you!
* * * LOW HITPOINT WARNING * * *
Attackplan's ghost hits you!
You die...

# #.##.# # #.##(# # #.##.# #
#.##.# # ########.##(## #
#.<.)........# #
########.##.##
#########################.####
...............W@...h.....#
###########################


You could see Natasha and attackplan's ghost.

Vanquished Creatures
  Natasha (D:3)
  5 adders (D:2)
  An ooze (D:2)
  3 orcs (D:3)
  A ball python (D:1)
  5 giant cockroaches
  4 goblins
  8 hobgoblins
  6 jackals
  A bat (D:2)
  2 giant newts (D:1)
  7 kobolds
  4 rats
48 creatures vanquished.

Notes
Turn   | Place    | Note
--------------------------------------------------------------
     0 | Abyss:1  | tyranidshit the Demonspawn Abyssal Knight began the quest for the Orb.
     0 | Abyss:1  | Reached XP level 1. HP: 18/18 MP: 2/2
    39 | Abyss:2  | Got a shimmering pewter ring
    40 | Abyss:2  | Identified the ring "Cusiyleh" {SustAt rN+ MP+9 Str-5 Int+6} (You found it on level 2 of the Abyss)
    77 | Abyss:2  | Noticed a wretched star
    77 | D:1      | Escaped the Abyss
   275 | D:1      | Reached * piety under Lugonu
   275 | D:1      | Gained mutation: You are partially covered in rugged brown scales (AC +1, +3% HP). [demonic ancestry]
   275 | D:1      | Reached XP level 2. HP: 17/24 MP: 3/3
   471 | D:1      | Reached skill level 4 in Fighting
   579 | D:2      | Gained mutation: You have sharp fingernails. [demonic ancestry]
   579 | D:2      | Reached XP level 3. HP: 24/30 MP: 4/4
   961 | D:2      | Gained mutation: When hurt, damage is shared between your health and your magic reserves. [demonic ancestry]
   961 | D:2      | Reached XP level 4. HP: 34/39 MP: 5/5
   969 | D:2      | Reached skill level 5 in Fighting
  1006 | D:2      | Reached ** piety under Lugonu
  1378 | D:3      | Noticed Natasha
  1384 | D:3      | Killed Natasha
  1395 | D:3      | Noticed attackplan's ghost (amateur HOFi)
  1433 | D:3      | HP: 1/40 [attackplan's ghost (11)]
  1446 | D:3      | Noticed Natasha
  1448 | D:3      | Mangled by attackplan's ghost

Skill      XL: |  1  2  3  4 |
---------------+-------------+-----
Fighting       | 4 5 |  5.6
Axes           | |  1.7
Armour         | |  1.7
Dodging        | |  0.8
Invocations    | |  2.4

Action                   |  1- 3 |  4- 6 || total
-------------------------+-------+-------++-------
Melee: Broad axe         |   135 |    51 ||   186
Invok: Depart the Abyss  |     1 |       ||     1
Evoke: Wand              |       |     1 ||     1
  Use: Scroll            |     3 |     5 ||     8
       Potion            |     2 |     2 ||     4
  Eat: Bread ration      |       |     1 ||     1
Armor: Scale mail        |    73 |    22 ||    95
       Leather armour    |     3 |       ||     3
Dodge: Dodged            |    95 |    25 ||   120
Block: Buckler           |    16 |     7 ||    23
